 Dungeon Crawl Stone Soup version 0.18.1-48-g4cf74bf (webtiles) character file.

72 Gargoyl the Skirmisher (level 4, -4/37 HPs)
             Began as a Demonspawn Abyssal Knight on Aug 21, 2016.
             Was a Follower of Lugonu.
             Slain by Crazy Yiuf
             ... wielding a +2 quarterstaff of chaos
              (10 damage)
             ... on level 2 of the Dungeon.
             The game lasted 00:03:32 (1758 turns).

Gargoyl the Skirmisher (Demonspawn Abyssal Knight)  Turns: 1758, Time: 00:03:33

Health: -4/37      AC:  9    Str: 11 (14) XL:     4   Next: 7%
Magic:  6/6        EV: 11    Int: 11 (13) God:    Lugonu [*.....]
Gold:   96         SH:  0    Dex: 11 (12) Spells: 0 memorised, 3 levels left

rFire  . . .     SeeInvis .     a - +1 hand axe
rCold  . . .     Gourm    .     b - +0 leather armour
rNeg   . . .     Faith    .     (no shield)
rPois  .         Spirit   .     f - +0 helmet
rElec  .         Dismiss  .     (no cloak)
rCorr  .         Reflect  .     d - +0 pair of gloves
SustAt .         Harm     .     n - +0 pair of boots
MR     .....                    (no amulet)
Stlth  +.........               (no ring)
                                (no ring)

@: lethally poisoned (-4 -> -8), very slightly contaminated, hasted, invisible,
very quick, not resistant to hostile enchantments, very unstealthy
A: slimy green scales 2
a: Depart the Abyss, Renounce Religion


You were on level 2 of the Dungeon.
You worshipped Lugonu.
Lugonu was aware of your devotion.
You were not hungry.

You visited 1 branch of the dungeon, and saw 2 of its levels.
You visited the Abyss 1 time.

You collected 96 gold pieces.

Inventory:

Hand Weapons
 a - a +1 hand axe (weapon)
Armour
 b - a +0 leather armour (worn)
 d - a +0 pair of gloves (worn)
 f - a +0 helmet (worn)
 n - a +0 pair of boots (worn)
Scrolls
 g - 3 scrolls of identify {unknown}
 i - a scroll of enchant weapon {unknown}
 j - 3 scrolls of immolation {unknown}
 l - 2 scrolls of recharging {unknown}
 o - a scroll of remove curse {unknown}
Potions
 e - a potion of degeneration
Comestibles
 c - 2 bread rations
 k - 4 meat rations


   Skills:
 + Level 3.8 Fighting
 + Level 2.1 Axes
 * Level 2.5 Armour
 + Level 1.3 Dodging
 + Level 0.2 Stealth
 + Level 2.7 Invocations


You had 3 spell levels left.
You didn't know any spells.

Dungeon Overview and Level Annotations

Branches:
Dungeon (2/15)

Altars:

Annotations:
D:2 Crazy Yiuf


Innate Abilities, Weirdness & Mutations

You are mostly covered in slimy green scales (AC +3).


Message History

It was a potion of haste.
You feel yourself speed up.
Crazy Yiuf yells, "Rifle dark tortoise!"
Crazy Yiuf hits you but does no damage.
You hit Crazy Yiuf.
Crazy Yiuf is heavily wounded.
You feel sick. Crazy Yiuf barely misses you.
You barely miss Crazy Yiuf.
Crazy Yiuf is heavily wounded.
Crazy Yiuf misses you.
You hit Crazy Yiuf but do no damage.
Crazy Yiuf is heavily wounded.
You feel sick.
You closely miss Crazy Yiuf.
Crazy Yiuf is heavily wounded.
Crazy Yiuf closely misses you.
You strike the helpless Crazy Yiuf from behind!
You hit Crazy Yiuf.
Crazy Yiuf is severely wounded.
Crazy Yiuf hits you with a quarterstaff of chaos!
You die...

... #>. #.# ### ###.#
#.. #...# #.#
#...###.# #.......#
### ♣♣##..#.##.#
#)))#♣♣ ♣♣P....#.#..#
#.))g@♣♣♣♣......#.#.##
#)))#♣))♣)P♣...##>#.#.
### ♣♣♣)♣)P..###...#.
♣♣♣♣♣### ###.+. +. #.
#. #


You could see Crazy Yiuf.

Vanquished Creatures
  3 adders (D:2)
  An ooze (D:2)
  A worm (D:2)
  A dart slug (D:2)
  2 giant geckos (D:1)
  6 bats
  2 giant cockroaches
  3 goblins
  5 hobgoblins
  2 jackals (D:1)
  4 kobolds
  A ball python (D:2)
  2 rats
  2 fungi (D:2)
35 creatures vanquished.

Notes
Turn   | Place    | Note
--------------------------------------------------------------
     0 | Abyss:1  | Gargoyl the Demonspawn Abyssal Knight began the quest for the Orb.
     0 | Abyss:1  | Reached XP level 1. HP: 18/18 MP: 2/2
    16 | Abyss:1  | Found a corrupted altar of Lugonu.
    77 | Abyss:1  | Found a corrupted altar of Lugonu.
   162 | Abyss:3  | Noticed a neqoxec
   163 | Abyss:3  | Gained mutation: Scrolls take you a little longer to read. [a neqoxec]
   169 | D:1      | Escaped the Abyss
   421 | D:1      | Gained mutation: You are partially covered in slimy green scales (AC +2). [demonic ancestry]
   421 | D:1      | Reached XP level 2. HP: 24/24 MP: 4/4
   737 | D:1      | Reached * piety under Lugonu
   922 | D:1      | Reached skill level 1 in Dodging
  1137 | D:2      | Gained mutation: You are mostly covered in slimy green scales (AC +3). [demonic ancestry]
  1137 | D:2      | Reached XP level 3. HP: 24/29 MP: 5/5
  1711 | D:2      | Reached XP level 4. HP: 37/37 MP: 6/6
  1744 | D:2      | Noticed Crazy Yiuf
  1752 | D:2      | Lost mutation: Scrolls take you a little longer to read. [potion of cure mutation]
  1758 | D:2      | Slain by Crazy Yiuf

Skill      XL: |  1  2  3 |
---------------+----------+-----
Armour         | 2 |  2.5
Dodging        | 1 |  1.3
Axes           | 2 |  2.1
Fighting       | |  3.8
Stealth        | |  0.2
Invocations    | |  2.7

Action                   |  1- 3 |  4- 6 || total
-------------------------+-------+-------++-------
Melee: Hand axe          |   120 |    32 ||   152
Invok: Depart the Abyss  |     1 |       ||     1
  Use: Potion            |       |     3 ||     3
 Stab: Invisible         |       |     1 ||     1
  Eat: Chunk             |     3 |       ||     3
Armor: Leather armour    |    67 |     2 ||    69
Dodge: Dodged            |    90 |     4 ||    94
